 Dungeon Crawl Stone Soup version 0.21.1-1-g345015f (webtiles) character file.

10677 tidbits the Thaumaturge (level 11, -27/83 HPs)
             Began as a Gnoll Fire Elementalist on Mar 8, 2018.
             Was a High Priest of Cheibriados.
             Annihilated by a titanic slime creature (81 damage)
             ... on level 12 of the Dungeon.
             The game lasted 00:42:00 (3432 turns).

tidbits the Thaumaturge (Gnoll Fire Elementalist)   Turns: 3432, Time: 00:42:00

Health: -27/83     AC: 14    Str: 23    XL:     11   Next: 65%
Magic:  13/32      EV: 20    Int: 36    God:    Cheibriados [*****.]
Gold:   495        SH:  0    Dex: 28    Spells: 1/26 levels left

rFire    . . .     SeeInvis +   p - +1 flail (protect)
rCold    . . .     Gourm    .   (no shield)
rNeg     . . .     Faith    .   B - +0 leather armour (curse)
rPois    .         Spirit   .   E - +0 helmet
rElec    +         Reflect  .   C - +1 cloak of Ugoemec {rElec MR- Regen+ SInv}
rCorr    .         Harm     .   (no gloves)
MR       .....                  (no boots)
Stlth    ++++......             (no amulet)
HPRegen  0.63/turn              P - ring of magical power
MPRegen  0.23/turn              g - +4 ring of intelligence

@: protection aura, very slow
A: distributed training, fangs 1, strong nose
a: Bend Time, Temporal Distortion, Slouch, Step From Time, Renounce Religion


You were on level 12 of the Dungeon.
You worshipped Cheibriados.
Cheibriados was extremely pleased with you.
You were very hungry.

You visited 2 branches of the dungeon, and saw 14 of its levels.
You also visited: Ossuary.

You collected 525 gold pieces.
You spent 30 gold pieces at shops.

Inventory:

Hand Weapons
 a - a +1 dagger of draining
   (You took it off an orc wizard on level 5 of the Dungeon)
 e - a +1 falchion of slicing
   (You found it on level 12 of the Dungeon)
 i - the +5 quarterstaff of the Exiled Lies {drain, Dex+2}
   (You found it on level 12 of the Dungeon)

   A truly terrible weapon, it drains the life of those it strikes.
   It affects your dexterity (+2).
 m - a +0 hunting sling
 p - a +1 flail of protection (weapon)
   (You took it off an orc on level 5 of the Dungeon)
 A - a +3 scimitar
 Q - a +0 shortbow
Missiles
 f - 100 arrows
 l - 21 stones
 o - 49 sling bullets
 y - 10 javelins (quivered)
 V - 2 throwing nets {!f}
 W - 4 tomahawks
Armour
 B - a cursed +0 leather armour (worn)
 C - the +1 cloak of Ugoemec (worn) {rElec MR- Regen+ SInv}
   (You found it on level 12 of the Dungeon)

   It insulates you from electricity.
   It affects your resistance to hostile enchantments.
   It lets you see invisible.
   It increases your rate of regeneration.
 E - a +0 helmet (worn)
 I - a +2 cloak
 O - a +0 shield
Magical Staves
 b - an uncursed staff of conjuration {!a}
   (You found it on level 4 of the Dungeon)
 L - an uncursed staff of earth
   (You found it on level 9 of the Dungeon)
 Y - an uncursed staff of power {unknown}
   (You found it on level 12 of the Dungeon)
Jewellery
 g - a +4 ring of intelligence (right hand)
   (You found it on level 12 of the Dungeon)
 K - an uncursed ring of resist corrosion
   (You found it on level 10 of the Dungeon)
 P - a ring of magical power (left hand)
   (You found it on level 10 of the Dungeon)
Wands
 x - a wand of polymorph (17)
 U - a wand of iceblast (10)
Scrolls
 r - 3 scrolls of remove curse
 u - a scroll of noise
 F - a scroll of torment
 G - a scroll of amnesia
 J - a scroll of vulnerability {unknown}
 M - a scroll of magic mapping {unknown}
 S - a scroll of immolation {unknown}
 T - 2 scrolls of enchant weapon
Potions
 d - 2 potions of brilliance {unknown}
 j - a potion of curing
 k - a potion of heal wounds
 q - 2 potions of resistance
 t - 2 potions of flight
 w - a potion of agility
 z - a potion of invisibility
 H - a potion of cancellation
Books
 h - a book of Battle
   (You found it on level 12 of the Dungeon)

   Spells                             Type                      Level
   a - Infusion                       Charms                       1
   b - Shroud of Golubria             Charms/Translocation         2
   c - Song of Slaying                Charms                       2
   d - Spectral Weapon                Hexes/Charms                 3
   e - Regeneration                   Charms/Necromancy            3
 n - a book of Misfortune
   (You found it on level 12 of the Dungeon)

   Spells                             Type                      Level
   a - Confusing Touch                Hexes                        1
   b - Confuse                        Hexes                        3
   c - Gell's Gravitas                Translocation                3
   d - Petrify                        Transmutation/Earth          4
   e - Metabolic Englaciation         Hexes/Ice                    5
   f - Yara's Violent Unravelling     Hexes/Transmutation          5
 v - a book of Flames

   Spells                             Type                      Level
   a - Flame Tongue                   Conjuration/Fire             1
   b - Throw Flame                    Conjuration/Fire             2
   c - Conjure Flame                  Conjuration/Fire             3
   d - Inner Flame                    Hexes/Fire                   3
   e - Sticky Flame                   Conjuration/Fire             4
   f - Fireball                       Conjuration/Fire             5
 N - a Young Poisoner's Handbook
   (You found it on level 9 of the Dungeon)

   Spells                             Type                      Level
   a - Sting                          Conjuration/Poison           1
   b - Poisonous Vapours              Poison/Air                   2
   c - Mephitic Cloud                 Conjuration/Poison/Air       3
   d - Olgreb's Toxic Radiance        Poison                       4
   e - Venom Bolt                     Conjuration/Poison           5
 R - a book of Spatial Translocations
   (You found it on level 12 of the Dungeon)

   Spells                             Type                      Level
   a - Blink                          Translocation                2
   b - Shroud of Golubria             Charms/Translocation         2
   c - Lesser Beckoning               Translocation                3
   d - Gell's Gravitas                Translocation                3
   e - Teleport Other                 Translocation                3
   f - Passage of Golubria            Translocation                4
Miscellaneous
 D - a lamp of fire
 X - a box of beasts
Comestibles
 c - 22 rations


   Skills:
 + Level 6.4 Fighting
 + Level 6.4 Short Blades
 + Level 6.4 Long Blades
 + Level 6.4 Axes
 + Level 6.4 Maces & Flails
 + Level 6.4 Polearms
 + Level 6.4 Staves
 + Level 6.4 Slings
 + Level 6.4 Bows
 + Level 6.4 Crossbows
 + Level 6.4 Throwing
 + Level 6.4 Armour
 + Level 7.9 Dodging
 + Level 7.7 Stealth
 + Level 6.4 Shields
 + Level 6.4 Unarmed Combat
 + Level 8.2 Spellcasting
 + Level 5.7 Conjurations
 + Level 5.3 Hexes
 + Level 5.3 Charms
 + Level 5.3 Summonings
 + Level 5.3 Necromancy
 + Level 5.3 Translocations
 + Level 5.3 Transmutations
 + Level 7.7 Fire Magic
 + Level 5.3 Ice Magic
 + Level 5.3 Air Magic
 + Level 5.3 Earth Magic
 + Level 5.3 Poison Magic
 + Level 7.0 Invocations
 + Level 6.4 Evocations


You had one spell level left.
You knew the following spells:

 Your Spells              Type           Power        Failure   Level  Hunger
a - Flame Tongue          Conj/Fire      #####        1%          1    None
c - Conjure Flame         Conj/Fire      ######..     1%          3    None
f - Fireball              Conj/Fire      ######....   5%          5    ###....
j - Throw Flame           Conj/Fire      ######       1%          2    None
m - Mephitic Cloud        Conj/Pois/Air  ######..     1%          3    None
r - Regeneration          Chrm/Necr      ######....   1%          3    None
t - Sticky Flame          Conj/Fire      ######..     1%          4    None
O - Olgreb's Toxic Radia  Pois           ######..     3%          4    None


Dungeon Overview and Level Annotations

Branches:
Dungeon (13/15)            Temple (1/1) D:4
   Lair: D:8-11         Orc: D:9-12      Vaults: D:13-14

Altars:
Cheibriados
Dithmenos
Elyvilon
Fedhas
Hepliaklqana
Makhleb
Trog

Shops:
D:4 *

Annotations:
D:9 Lair


Innate Abilities, Weirdness & Mutations

Your experience applies equally to all skills.
You have very sharp teeth.
Your uncanny sense of smell can sniff out nearby items.


Message History

Casting: Conjure Flame
Confirm with . or Enter, or press ? or * to list all spells.
Aiming: Fireball
Press: ? - help, Shift-Dir - straight line, f - slime creature
Aim: a slime creature You feel a surge of power!
The fireball explodes!
The fireball engulfs the slime creature.
The slime creature is moderately wounded.
The fireball engulfs the slime creature.
The slime creature is moderately wounded.
The fireball engulfs the slime creature.
The slime creature is heavily wounded.
The fireball engulfs the slime creature.
The slime creature is lightly wounded.
You are feeling very hungry.
Two slime creatures merge to form a large slime creature.
Unknown command.
Unknown command.
Wield which item (- for none, * to show all)? (? for menu, Esc to quit)
Okay, then.
Press: ? - help, v - describe, . - travel
Here: a large slime creature (flame, moderately wounded)
The floor.
Unknown command.
Press: ? - help, v - describe, . - travel
Here: a large slime creature (flame, moderately wounded)
The floor.
Casting: Fireball
Confirm with . or Enter, or press ? or * to list all spells.
Aiming: Sticky Flame
Press: ? - help, Shift-Dir - straight line, f - large slime creature
Aim: a large slime creature (flame, moderately wounded)
You feel a surge of power!
The sticky flame hits the large slime creature.
The large slime creature is heavily wounded.
The large slime creature is covered in liquid flames!
The large slime creature burns!
Two slime creatures merge to form a very large slime creature.
Two slime creatures merge to form an enormous slime creature.
Evoke which item? (* to show all) (? for menu, Esc to quit)
Okay, then.
Unknown command.
Casting: Sticky Flame
Confirm with . or Enter, or press ? or * to list all spells.
Aiming: Flame Tongue
Press: ? - help, Shift-Dir - straight line, f/p - enormous slime creature
Aim: an enormous slime creature (flame, moderately wounded, covered in liquid flames)
You feel a surge of power!
The flame tongue hits the enormous slime creature.
The enormous slime creature is heavily wounded.
The enormous slime creature burns!
The enormous slime creature stops burning.
Two slime creatures merge to form a titanic slime creature.
Casting: Flame Tongue
Confirm with . or Enter, or press ? or * to list all spells.
Aiming: Sticky Flame
Press: ? - help, Shift-Dir - straight line, f/p - titanic slime creature
Aim: a titanic slime creature (flame, moderately wounded)
You feel a surge of power!
The sticky flame hits the titanic slime creature.
The titanic slime creature is moderately wounded.
The titanic slime creature is covered in liquid flames!
The titanic slime creature burns!
Evoke which item? (* to show all) (? for menu, Esc to quit)
Aiming: Corrosive Bolt
Press: ? - help, Shift-Dir - straight line, f/p - titanic slime creature
Aim: a titanic slime creature (flame, moderately wounded, covered in liquid flames)
The bolt of acid hits the titanic slime creature.
The titanic slime creature is splashed with acid.
The titanic slime creature is heavily wounded.
The now-empty wand crumbles to dust.
The titanic slime creature burns!
Wield which item (- for none, * to show all)? (? for menu, Esc to quit)
Your +1 flail of protection hums with potential!
p - a +1 flail of protection (weapon)
You sock the titanic slime creature!
Your weapon exudes an aura of protection.
The titanic slime creature is heavily wounded.
The titanic slime creature burns! x2
The titanic slime creature is engulfed in blazing flames.
The titanic slime creature hits you!!
A bullfrog skeleton comes into view.
You hit the titanic slime creature.
The titanic slime creature is heavily wounded.
The titanic slime creature burns!
The titanic slime creature stops burning.
The titanic slime creature is engulfed in blazing flames.
The titanic slime creature closely misses you.
Casting: Sticky Flame
Confirm with . or Enter, or press ? or * to list all spells.
Aiming: Sticky Flame
Press: ? - help, Shift-Dir - straight line, f/p - titanic slime creature
Aim: a titanic slime creature (flame, severely wounded)
The sticky flame hits the titanic slime creature.
The titanic slime creature is severely wounded.
The titanic slime creature is covered in liquid flames!
The titanic slime creature burns!
The titanic slime creature is engulfed in blazing flames.
The titanic slime creature hits you!!!!
Ouch! That really hurt!
You die...

###'##### #.# #.......# #.#
##.......# #.# .#.......# #.#
.###)##### #.#
.###.#########.#######.#
.#...................... .
.......................# .##
.....#.##.####.#@#.##... ..
.....#.##.# #.#J# ######.#
.....#.##(####.#Z. .....
........<......!... ...
.#.#.#.#..####<#....###'###
.#.#.#....=. .J....##.....## ∆
..>..........J ...##.......##
[..#.....#.########...#.#...#####
...###.###.# #....#.#....#...


You could see a titanic slime creature (burning) and a bullfrog skeleton.

Vanquished Creatures
  A two-headed ogre (D:12)
  An unseen horror (D:12)
  An ugly thing (D:11)
  4 cyclopes
  A manticore (D:12)
  2 gargoyles (D:12)
  A freezing wraith (D:12)
  A merfolk (D:11)
  A jumping spider (shapeshifter) (D:12)
  A hornet (shapeshifter) (D:12)
  Grinder (D:6)
  A slime creature (D:12)
  A hippogriff (D:10)
  7 yaks
  2 wyverns (D:12)
  Eustachio (D:5)
  A human (D:11)
  2 vampire mosquitoes (D:12)
  A water moccasin (D:10)
  4 sky beasts
  An orc warrior (D:8)
  2 necrophages
  A phantom (D:6)
  An ice beast (D:12)
  2 ogres (D:4)
  A centaur (D:10)
  A crocodile (D:9)
  Blork the orc (D:6)
  2 big kobolds (D:12)
  4 bullfrogs
  A wyvern zombie (D:10)
  6 killer bees
  5 wights (D:9)
  5 crimson imps
  2 bullfrog zombies (D:6)
  A centaur zombie (Ossuary)
  7 hounds
  2 jellies
  A centaur skeleton (D:4)
  An orc priest (D:8)
  2 bullfrog skeletons
  6 orc wizards
  3 iguanas
  7 worker ants
  A hound zombie (D:8)
  A hound skeleton (D:9)
  A mummy (Ossuary)
  A worker ant zombie (D:6)
  8 adders
  A shadow imp (D:8)
  An adder skeleton (D:4)
  A leopard gecko (D:7)
  8 orcs
  2 ball pythons
  3 giant cockroaches
  3 goblins (D:3)
  A hobgoblin (D:3)
  9 jackals
  6 kobolds
  3 quokkas
  A frilled lizard (D:3)
  11 hobgoblin zombies (Ossuary)
  8 kobold zombies (Ossuary)
  3 orc zombies (Ossuary)
  A quokka zombie (D:5)
  2 rats
176 creatures vanquished.

Vanquished Creatures (others)
  17 fungi (D:9)
  9 plants (D:9)
26 creatures vanquished.

Grand Total: 202 creatures vanquished

Notes
Turn   | Place    | Note
-------+----------+-------------------------------------------
     0 | D:1      | tidbits the Gnoll Fire Elementalist began the quest for the Orb.
     0 | D:1      | Reached XP level 1. HP: 13/13 MP: 6/6
   129 | D:3      | Reached skill level 2 in Conjurations
   189 | D:3      | Reached XP level 2. HP: 18/19 MP: 5/7
   193 | D:3      | Learned a level 2 spell: Throw Flame
   228 | D:4      | Noticed an ogre
   232 | D:4      | Killed an ogre
   232 | D:4      | Reached skill level 1 in Fighting
   232 | D:4      | Reached skill level 1 in Short Blades
   232 | D:4      | Reached skill level 1 in Long Blades
   232 | D:4      | Reached skill level 1 in Axes
   232 | D:4      | Reached skill level 1 in Maces & Flails
   232 | D:4      | Reached skill level 1 in Polearms
   232 | D:4      | Reached skill level 1 in Staves
   232 | D:4      | Reached skill level 1 in Slings
   232 | D:4      | Reached skill level 1 in Bows
   232 | D:4      | Reached skill level 1 in Crossbows
   232 | D:4      | Reached skill level 1 in Throwing
   232 | D:4      | Reached skill level 1 in Armour
   232 | D:4      | Reached skill level 1 in Shields
   232 | D:4      | Reached skill level 1 in Unarmed Combat
   232 | D:4      | Reached skill level 5 in Spellcasting
   232 | D:4      | Reached skill level 1 in Invocations
   232 | D:4      | Reached skill level 1 in Evocations
   232 | D:4      | Reached XP level 3. HP: 26/26 MP: 2/9
   232 | D:4      | Reached XP level 4. HP: 32/32 MP: 2/11
   241 | D:4      | Reached skill level 1 in Hexes
   241 | D:4      | Reached skill level 1 in Charms
   241 | D:4      | Reached skill level 1 in Summonings
   241 | D:4      | Reached skill level 1 in Necromancy
   241 | D:4      | Reached skill level 1 in Translocations
   241 | D:4      | Reached skill level 1 in Transmutations
   241 | D:4      | Reached skill level 1 in Ice Magic
   241 | D:4      | Reached skill level 1 in Air Magic
   241 | D:4      | Reached skill level 1 in Earth Magic
   241 | D:4      | Reached skill level 1 in Poison Magic
   330 | D:3      | Reached XP level 5. HP: 30/37 MP: 3/12
   424 | D:4      | Noticed an ogre
   430 | D:4      | HP: 3/37 [ogre/giant club (34)]
   434 | D:4      | Killed an ogre
   434 | D:4      | Reached XP level 6. HP: 4/44 MP: 2/13
   463 | D:4      | Reached skill level 2 in Invocations
   496 | D:4      | Learned a level 3 spell: Conjure Flame
   501 | D:4      | Learned a level 4 spell: Sticky Flame
   510 | D:4      | Found Dohipuj's Assorted Antiques.
   516 | D:4      | Bought a scroll labeled OFUMOR KALEO for 30 gold pieces
   644 | D:4      | Found a staircase to the Ecumenical Temple.
   650 | Temple   | Entered the Ecumenical Temple
   665 | Temple   | Became a worshipper of Cheibriados the Contemplative
   719 | D:5      | Entered Level 5 of the Dungeon
   738 | D:5      | Noticed Eustachio
   746 | D:5      | Killed Eustachio
   746 | D:5      | Reached skill level 2 in Fighting
   746 | D:5      | Reached skill level 2 in Short Blades
   746 | D:5      | Reached skill level 2 in Long Blades
   746 | D:5      | Reached skill level 2 in Axes
   746 | D:5      | Reached skill level 2 in Maces & Flails
   746 | D:5      | Reached skill level 2 in Polearms
   746 | D:5      | Reached skill level 2 in Staves
   746 | D:5      | Reached skill level 2 in Slings
   746 | D:5      | Reached skill level 2 in Bows
   746 | D:5      | Reached skill level 2 in Crossbows
   746 | D:5      | Reached skill level 2 in Throwing
   746 | D:5      | Reached skill level 2 in Armour
   746 | D:5      | Reached skill level 5 in Dodging
   746 | D:5      | Reached skill level 2 in Shields
   746 | D:5      | Reached skill level 2 in Unarmed Combat
   746 | D:5      | Reached skill level 2 in Evocations
   746 | D:5      | Reached XP level 7. HP: 50/50 MP: 7/15
   941 | D:6      | Noticed Grinder
   949 | D:6      | Paralysed by Grinder for 3 turns
   956 | D:6      | Killed Grinder
   956 | D:6      | Reached skill level 5 in Stealth
   956 | D:6      | Reached skill level 3 in Conjurations
   956 | D:6      | Reached skill level 2 in Hexes
   956 | D:6      | Reached skill level 2 in Charms
   956 | D:6      | Reached skill level 2 in Summonings
   956 | D:6      | Reached skill level 2 in Necromancy
   956 | D:6      | Reached skill level 2 in Translocations
   956 | D:6      | Reached skill level 2 in Transmutations
   956 | D:6      | Reached skill level 2 in Ice Magic
   956 | D:6      | Reached skill level 2 in Air Magic
   956 | D:6      | Reached skill level 2 in Earth Magic
   956 | D:6      | Reached skill level 2 in Poison Magic
   956 | D:6      | Reached skill level 3 in Invocations
  1005 | D:6      | Reached * piety under Cheibriados
  1022 | D:6      | Noticed Blork the orc
  1028 | D:6      | Killed Blork the orc
  1028 | D:6      | Reached XP level 8. HP: 48/57 MP: 1/16
  1055 | D:6      | Reached skill level 6 in Fire Magic
  1088 | D:5      | Reached skill level 3 in Fighting
  1088 | D:5      | Reached skill level 3 in Short Blades
  1088 | D:5      | Reached skill level 3 in Long Blades
  1088 | D:5      | Reached skill level 3 in Axes
  1088 | D:5      | Reached skill level 3 in Maces & Flails
  1088 | D:5      | Reached skill level 3 in Polearms
  1088 | D:5      | Reached skill level 3 in Staves
  1088 | D:5      | Reached skill level 3 in Slings
  1088 | D:5      | Reached skill level 3 in Bows
  1088 | D:5      | Reached skill level 3 in Crossbows
  1088 | D:5      | Reached skill level 3 in Throwing
  1088 | D:5      | Reached skill level 3 in Armour
  1088 | D:5      | Reached skill level 3 in Shields
  1088 | D:5      | Reached skill level 3 in Unarmed Combat
  1088 | D:5      | Reached skill level 3 in Evocations
  1360 | D:8      | Reached skill level 6 in Spellcasting
  1382 | D:8      | Reached ** piety under Cheibriados
  1507 | D:10     | Entered Level 10 of the Dungeon
  1507 | D:10     | Noticed a two-headed ogre
  1745 | D:8      | Found a sand-covered staircase.
  1756 | Ossuary  | Entered an ossuary
  1944 | D:8      | Reached skill level 4 in Invocations
  1946 | D:8      | Reached skill level 3 in Hexes
  1946 | D:8      | Reached skill level 3 in Charms
  1946 | D:8      | Reached skill level 3 in Summonings
  1946 | D:8      | Reached skill level 3 in Necromancy
  1946 | D:8      | Reached skill level 3 in Translocations
  1946 | D:8      | Reached skill level 3 in Transmutations
  1946 | D:8      | Reached skill level 3 in Ice Magic
  1946 | D:8      | Reached skill level 3 in Air Magic
  1946 | D:8      | Reached skill level 3 in Earth Magic
  1946 | D:8      | Reached skill level 3 in Poison Magic
  1946 | D:8      | Reached XP level 9. HP: 38/65 MP: 9/18
  2080 | D:9      | Reached skill level 6 in Dodging
  2096 | D:9      | Reached *** piety under Cheibriados
  2103 | D:9      | Reached skill level 4 in Fighting
  2103 | D:9      | Reached skill level 4 in Short Blades
  2103 | D:9      | Reached skill level 4 in Long Blades
  2103 | D:9      | Reached skill level 4 in Axes
  2103 | D:9      | Reached skill level 4 in Maces & Flails
  2103 | D:9      | Reached skill level 4 in Polearms
  2103 | D:9      | Reached skill level 4 in Staves
  2103 | D:9      | Reached skill level 4 in Slings
  2103 | D:9      | Reached skill level 4 in Bows
  2103 | D:9      | Reached skill level 4 in Crossbows
  2103 | D:9      | Reached skill level 4 in Throwing
  2103 | D:9      | Reached skill level 4 in Armour
  2103 | D:9      | Reached skill level 4 in Shields
  2103 | D:9      | Reached skill level 4 in Unarmed Combat
  2103 | D:9      | Reached skill level 4 in Conjurations
  2103 | D:9      | Reached skill level 4 in Evocations
  2194 | D:10     | Reached skill level 6 in Stealth
  2357 | D:9      | Reached skill level 5 in Invocations
  2392 | D:9      | Learned a level 4 spell: Olgreb's Toxic Radiance
  2437 | D:10     | Reached XP level 10. HP: 40/73 MP: 6/20
  2445 | D:10     | Learned a level 3 spell: Mephitic Cloud
  2473 | D:10     | Reached **** piety under Cheibriados
  2473 | D:10     | Reached skill level 7 in Spellcasting
  2523 | D:10     | Reached skill level 4 in Hexes
  2523 | D:10     | Reached skill level 4 in Charms
  2523 | D:10     | Reached skill level 4 in Summonings
  2523 | D:10     | Reached skill level 4 in Necromancy
  2523 | D:10     | Reached skill level 4 in Translocations
  2523 | D:10     | Reached skill level 4 in Transmutations
  2523 | D:10     | Reached skill level 4 in Ice Magic
  2523 | D:10     | Reached skill level 4 in Air Magic
  2523 | D:10     | Reached skill level 4 in Earth Magic
  2523 | D:10     | Reached skill level 4 in Poison Magic
  2629 | D:11     | Noticed a brown ugly thing
  2647 | D:11     | Killed a brown ugly thing
  2647 | D:11     | Reached skill level 5 in Fighting
  2647 | D:11     | Reached skill level 5 in Short Blades
  2647 | D:11     | Reached skill level 5 in Long Blades
  2647 | D:11     | Reached skill level 5 in Axes
  2647 | D:11     | Reached skill level 5 in Maces & Flails
  2647 | D:11     | Reached skill level 5 in Polearms
  2647 | D:11     | Reached skill level 5 in Staves
  2647 | D:11     | Reached skill level 5 in Slings
  2647 | D:11     | Reached skill level 5 in Bows
  2647 | D:11     | Reached skill level 5 in Crossbows
  2647 | D:11     | Reached skill level 5 in Throwing
  2647 | D:11     | Reached skill level 5 in Armour
  2647 | D:11     | Reached skill level 5 in Shields
  2647 | D:11     | Reached skill level 5 in Unarmed Combat
  2647 | D:11     | Reached skill level 5 in Evocations
  2708 | D:11     | Reached skill level 7 in Fire Magic
  2823 | D:10     | Reached skill level 7 in Dodging
  2844 | D:10     | Found a bloodstained altar of Trog.
  2895 | D:12     | Noticed a cyclops
  2899 | D:12     | Killed a cyclops
  2899 | D:12     | Reached skill level 5 in Conjurations
  2914 | D:12     | Noticed a gargoyle
  2922 | D:12     | Killed a gargoyle
  2922 | D:12     | Reached skill level 6 in Invocations
  2934 | D:12     | Noticed a two-headed ogre
  2941 | D:12     | Killed a two-headed ogre
  2941 | D:12     | Reached skill level 7 in Stealth
  2951 | D:12     | Noticed a cyclops
  2959 | D:12     | Killed a cyclops
  2959 | D:12     | Reached XP level 11. HP: 30/81 MP: 1/22
  3042 | D:12     | Noticed a manticore
  3054 | D:12     | Noticed an unseen horror
  3058 | D:12     | Killed an unseen horror
  3058 | D:12     | Reached skill level 6 in Fighting
  3058 | D:12     | Reached skill level 6 in Short Blades
  3058 | D:12     | Reached skill level 6 in Long Blades
  3058 | D:12     | Reached skill level 6 in Axes
  3058 | D:12     | Reached skill level 6 in Maces & Flails
  3058 | D:12     | Reached skill level 6 in Polearms
  3058 | D:12     | Reached skill level 6 in Staves
  3058 | D:12     | Reached skill level 6 in Slings
  3058 | D:12     | Reached skill level 6 in Bows
  3058 | D:12     | Reached skill level 6 in Crossbows
  3058 | D:12     | Reached skill level 6 in Throwing
  3058 | D:12     | Reached skill level 6 in Armour
  3058 | D:12     | Reached skill level 6 in Shields
  3058 | D:12     | Reached skill level 6 in Unarmed Combat
  3058 | D:12     | Reached skill level 6 in Evocations
  3065 | D:12     | Reached skill level 5 in Hexes
  3065 | D:12     | Reached skill level 5 in Charms
  3065 | D:12     | Reached skill level 5 in Summonings
  3065 | D:12     | Reached skill level 5 in Necromancy
  3065 | D:12     | Reached skill level 5 in Translocations
  3065 | D:12     | Reached skill level 5 in Transmutations
  3065 | D:12     | Reached skill level 5 in Ice Magic
  3065 | D:12     | Reached skill level 5 in Air Magic
  3065 | D:12     | Reached skill level 5 in Earth Magic
  3065 | D:12     | Reached skill level 5 in Poison Magic
  3073 | D:12     | Killed a manticore
  3073 | D:12     | Reached skill level 8 in Spellcasting
  3079 | D:12     | Reached ***** piety under Cheibriados
  3091 | D:12     | Got a bone quarterstaff
  3093 | D:12     | Got a shimmering cloak
  3104 | D:12     | Identified the +1 cloak of Ugoemec {rElec MR- Regen+ SInv} (You found it on level 12 of the Dungeon)
  3121 | D:12     | Learned a level 5 spell: Fireball
  3163 | D:12     | Identified the +5 quarterstaff of the Exiled Lies {drain, Dex+2} (You found it on level 12 of the Dungeon)
  3173 | D:12     | Found a shadowy altar of Dithmenos.
  3174 | D:12     | Found a burning altar of Makhleb.
  3174 | D:12     | Found a blossoming altar of Fedhas.
  3174 | D:12     | Found a white marble altar of Elyvilon.
  3181 | D:12     | Noticed a cyclops
  3197 | D:12     | Killed a cyclops
  3235 | D:13     | Noticed a cyclops
  3242 | D:13     | Killed a cyclops
  3259 | D:12     | Reached skill level 7 in Invocations
  3379 | D:12     | Learned a level 3 spell: Regeneration
  3432 | D:12     | Annihilated by a titanic slime creature

Skill      XL: |  1  2  3  4  5  6  7  8  9 10 11 |
---------------+----------------------------------+-----
Conjurations   | 2 3 4 5 |  5.7
Fighting       | 1 2 3 4 5 6 |  6.4
Short Blades   | 1 2 3 4 5 6 |  6.4
Long Blades    | 1 2 3 4 5 6 |  6.4
Axes           | 1 2 3 4 5 6 |  6.4
Maces & Flails | 1 2 3 4 5 6 |  6.4
Polearms       | 1 2 3 4 5 6 |  6.4
Staves         | 1 2 3 4 5 6 |  6.4
Slings         | 1 2 3 4 5 6 |  6.4
Bows           | 1 2 3 4 5 6 |  6.4
Crossbows      | 1 2 3 4 5 6 |  6.4
Throwing       | 1 2 3 4 5 6 |  6.4
Armour         | 1 2 3 4 5 6 |  6.4
Shields        | 1 2 3 4 5 6 |  6.4
Unarmed Combat | 1 2 3 4 5 6 |  6.4
Spellcasting   | 5 6 7 8 |  8.2
Invocations    | 1 2 3 4 5 6 7 |  7.0
Evocations     | 1 2 3 4 5 6 |  6.4
Hexes          | 1 2 3 4 5 |  5.3
Charms         | 1 2 3 4 5 |  5.3
Summonings     | 1 2 3 4 5 |  5.3
Necromancy     | 1 2 3 4 5 |  5.3
Translocations | 1 2 3 4 5 |  5.3
Transmutations | 1 2 3 4 5 |  5.3
Ice Magic      | 1 2 3 4 5 |  5.3
Air Magic      | 1 2 3 4 5 |  5.3
Earth Magic    | 1 2 3 4 5 |  5.3
Poison Magic   | 1 2 3 4 5 |  5.3
Dodging        | 5 6 7 |  7.9
Stealth        | 5 6 7 |  7.7
Fire Magic     | 6 7 |  7.7

Action                   |  1- 3 |  4- 6 |  7- 9 | 10-12 || total
-------------------------+-------+-------+-------+-------++-------
Melee: Dagger            |     2 |    24 |    10 |    14 ||    50
       Spear             |     1 |       |       |       ||     1
       Bite              |       |     1 |     7 |     7 ||    15
       Flail             |       |       |    31 |    49 ||    80
       Unarmed           |       |       |     5 |       ||     5
       Scimitar          |       |       |    26 |       ||    26
       Punch             |       |       |     2 |     6 ||     8
 Cast: Flame Tongue      |     7 |    28 |   113 |    83 ||   231
       Throw Flame       |     1 |     4 |     7 |     2 ||    14
       Sticky Flame      |       |     2 |    19 |    26 ||    47
       Conjure Flame     |       |       |    10 |     4 ||    14
       Olgreb's Toxic Ra |       |       |       |     5 ||     5
       Fireball          |       |       |       |     3 ||     3
Evoke: Wand              |       |       |     3 |     3 ||     6
  Use: Scroll            |     2 |     1 |     6 |     2 ||    11
       Potion            |       |       |     6 |     2 ||     8
 Stab: Sleeping          |     1 |     4 |     9 |    12 ||    26
  Eat: Chunk             |       |       |     5 |     2 ||     7
Armor: Robe              |       |     2 |     9 |       ||    11
       Skin              |       |       |    18 |       ||    18
       Leather armour    |       |       |       |    23 ||    23
Dodge: Dodged            |       |    30 |    97 |   110 ||   237
       Rpst.: Scimitar   |       |       |     2 |       ||     2

Table legend:
 A = Turns spent in this place as a percentage of turns spent in the entire game.
 B = Non-inter-level travel turns spent in this place as a percentage of non-inter-level travel turns spent in the entire game.
 C = Inter-level travel turns spent in this place as a percentage of turns spent in this place.
 D = Turns resting spent in this place as a percentage of non-inter-level travel turns spent in this place.
 E = Turns spent auto-exploring this place as a percentage of non-inter-level travel turns spent in this place.
 F = Non-inter-level travel turns spent in this place divided by the number of levels of this place that you've seen.
                   A       B       C       D       E      F
               +-------+-------+-------+-------+-------+----------------------
         Total | 100.0 | 100.0 |   0.4 |   0.0 |   0.0 | 227.9
       Dungeon |  94.3 |  94.7 |   0.0 |   0.0 |   0.0 | 249.1
        Temple |   0.9 |   0.5 |  45.2 |   0.0 |   0.0 |  17.0
       Ossuary |   4.7 |   4.8 |   0.0 |   0.0 |   0.0 | 163.0
               +-------+-------+-------+-------+-------+----------------------

Table legend:
 A = Kills in this place as a percentage of kills in entire the game.
 B = Kills by you in this place as a percentage of kills by you in the entire game.
 C = Kills by friends in this place as a percentage of kills by friends in the entire game.
 D = Other kills in this place as a percentage of other kills in the entire game.
 E = Experience gained in this place as a percentage of experience gained in the entire game.
 F = Experience gained in this place divided by the number of levels of this place that you have seen.
                   A       B       C       D       E      F
               +-------+-------+-------+-------+-------+----------------------
         Total | 100.0 | 100.0 |   N/A |   N/A | 100.0 | 1016.9
       Dungeon |  86.4 |  86.4 |   N/A |   N/A |  99.4 | 1166.8
       Ossuary |  13.6 |  13.6 |   N/A |   N/A |   0.6 |  85.0
               +-------+-------+-------+-------+-------+----------------------

Vault maps used:
D:1:      lightli_arrival_chessboard, minmay_misc_feat_doors
D:4:      temple_fountains, serial_shops,
          nicolae_shop_temple_entry_statues_fountains, led_sif_pool
D:5:      first_ration, uniq_eustachio, uniq_edmund, uniq_menkaure
D:6:      serial_shops, nicolae_shop_waterfront, basic_altar,
          uniq_blork_the_orc, uniq_grinder
D:7:      kennysheep_little_box, uniq_duvessa
D:8:      nicolae_ossuary_entry_ruins
D:9:      grunt_lair_entry_orc_guard_hut
D:10:     orc_0_dummy, bloody_trog
D:11:     hangedman_stone_soup, grunt_ministairs_8, minivault_27,
          hangedman_decor_clover_reticule, uniq_josephine
D:12:     minmay_the_grid_octo_tiled_squarecenter, serial_curves,
          eino_curves_03, eino_curves_04, eino_curves_04, eino_curves_02
D:13:     minmay_cornered_nines, serial_shops, nicolae_shop_trees, shop,
          pf_eden, uniq_sonja, uniq_erolcha
Temple:   roderic_octagonal_lattice_temple
Ossuary:  ossuary_tomb_1
